Construct Light Support Kompanie
Pak 38 Anti-tank Gun Team
Construct Mechanized Kompanie
Selects Armored Support Battlegroup
Selects Superior Fire Drills
Selects Flammpanzer III Medium Tank
Flammpanzer III Medium Tank
Marder III Tank Destroyer
Flammpanzer III Medium Tank
Selects Vehicle Awareness
Marder III Tank Destroyer
Flammpanzer III Medium Tank
Flammpanzer III Medium Tank
Selects Stuka Anti-tank Loiter
Flammpanzer III Medium Tank